 Dungeon Crawl Stone Soup version 0.23.2-33-g5129a83184 (webtiles) character file.

Game seed: 11858475886666107817

392 DorianNounverber the Digger (level 6, -1/36 HPs)
             Began as a Gargoyle Earth Elementalist on July 13, 2019.
             Slain by an iguana (10 damage)
             ... on level 3 of the Dungeon.
             The game lasted 00:09:25 (3446 turns).

DorianNounverber the Digger (GrEE)                  Turns: 3446, Time: 00:09:26

Health: -1/36      AC:  9    Str: 12    XL:     6   Next: 81%
Magic:  0/11       EV: 12    Int: 17    God:
Gold:   94         SH:  0    Dex: 10    Spells: 4/12 levels left

rFire    . . .     SeeInvis +   t - +0 morningstar
rCold    . . .     Gourm    .   (no shield)
rNeg     + . .     Faith    .   c - +0 robe
rPois    ∞         Spirit   +   k - +1 helmet
rElec    +         Reflect  .   (no cloak)
rCorr    .         Harm     .   (no gloves)
MR       .....                  w - +0 pair of boots
Stlth    ++........             a - amulet of guardian spirit
HPRegen  0.12/turn              v - ring of see invisible
MPRegen  0.12/turn              (no ring)

@: very slightly contaminated
A: negative energy resistance 1, electricity resistance, unbreathing,
petrification resistance, rot immunity, AC +4
a: no special abilities


You were on level 3 of the Dungeon.
You were not hungry.

You visited 1 branch of the dungeon, and saw 4 of its levels.

You collected 94 gold pieces.

Inventory:

Hand Weapons
 f - a +0 club
 h - a +0 mace
 t - a +0 morningstar (weapon)
Missiles
 b - 74 stones (quivered)
 u - 5 steel tomahawks
Armour
 c - a +0 robe (worn)
 i - a +0 leather armour of poison resistance
 k - a +1 helmet (worn)
 w - a +0 pair of boots (worn)
Jewellery
 a - an amulet of guardian spirit (around neck)
 v - a ring of see invisible (left hand)
Wands
 o - a wand of digging (6)
 r - a wand of flame (15)
Scrolls
 e - 2 scrolls of teleportation {unknown}
 g - 3 scrolls of identify {unknown}
 j - a scroll of random uselessness {unknown}
 p - a scroll of magic mapping {unknown}
 x - a scroll of remove curse {unknown}
Potions
 l - 3 potions of curing {unknown}
 m - a potion of degeneration {unknown}
 n - a potion of agility {unknown}
 q - a potion of mutation {unknown}
 s - a potion of haste {unknown}
Comestibles
 d - 7 rations


   Skills:
 + Level 2.3 Fighting
 + Level 1.8 Maces & Flails
 + Level 2.6 Dodging
 - Level 2.2 Stealth
 * Level 3.8 Spellcasting
 + Level 0.0 Conjurations
 + Level 0.7 Transmutations
 * Level 5.7 Earth Magic
 + Level 0.0 Evocations


You had 4 spell levels left.
You knew the following spells:

 Your Spells              Type           Power        Failure   Level  Hunger
a - Sandblast             Erth           ###...       1%          1    None
b - Stone Arrow           Conj/Erth      ##....       14%         3    ###....
c - Petrify               Tmut/Erth      ##......     38%         4    ####...

Your spell library contained the following spells:

 Spells                   Type           Power        Failure   Level  Hunger
 Passwall                 Tmut/Erth      ##......     6%          2    ##.....
 Animate Skeleton         Necr           N/A          16%         1    None
 Apportation              Tloc           #.....       16%         1    None
 Confusing Touch          Hex            #.....       16%         1    None
 Summon Small Mammal      Summ           #...         16%         1    None
 Lee's Rapid Deconstruct  Erth           ###.......   38%         5    ######.


Dungeon Overview and Level Annotations

Branches:
Dungeon (4/15)
 Temple: D:4-7

Altars:
Dithmenos


Innate Abilities, Weirdness & Mutations

You are resistant to torment.
Your stone body is resilient. (AC +4)
You are immune to poison.
You resist negative energy. (rN+)
You are resistant to electric shocks. (rElec)
You can survive without breathing.
You are immune to petrification.
You are immune to rotting.


Message History

The iguana bites you but does no damage.
You hit the iguana.
The iguana is severely wounded.
The iguana bites you! The iguana misses you.
You hit the iguana.
The iguana is severely wounded.
The iguana bites you.
You hit the iguana.
The iguana is severely wounded.
The iguana bites you but does no damage.
You hit the iguana but do no damage.
The iguana is severely wounded.
The iguana barely misses you. The iguana bites you!
* * * LOW HITPOINT WARNING * * *
Evoke which item? (* to show all) (? for menu, Esc to quit)
Aiming: Throw Flame
Press: ? - help, Shift-Dir - straight line, f - iguana
Aim: an iguana (severely wounded)
The puff of flame misses the iguana.
The iguana bites you!
You die...

......#...................# #...
.##.###...##.####.........## #...
.##.###...##.####..........# #...
.....##......#.##....#....## #...
.....##......#.##.#..#)...# #...
.....##...........#..)...#####...
.....##........#..##.#.#.###.....
.)................##.......#####.
...............[@l.....###.# ##.
....############..(....# #.# #..
....# #..##..[###.# #.. ##..#
#.........#.# #.# ####
#.......###.####.#
#..###.)..........
#...........).....
#...........######
##.#.........######


You could see an iguana.

Vanquished Creatures
  Sigmund (D:2)
  2 orc priests (D:3)
  An orc wizard (D:3)
  A worker ant (D:3)
  Ijyb (D:3)
  2 adders (D:3)
  A worm (D:3)
  3 leopard geckos
  15 orcs
  2 giant cockroaches (D:3)
  6 goblins
  8 hobgoblins
  3 jackals (D:1)
  3 kobolds
  3 quokkas
  9 bats
  4 frilled lizards
  8 rats
73 creatures vanquished.

Notes
Turn   | Place    | Note
-------+----------+-------------------------------------------
     0 | D:1      | DorianNounverber the Gargoyle Earth Elementalist began the
                  | quest for the Orb.
     0 | D:1      | Reached XP level 1. HP: 10/10 MP: 3/3
   326 | D:1      | Reached XP level 2. HP: 16/16 MP: 3/5
   448 | D:1      | Reached skill level 4 in Earth Magic
  1154 | D:2      | Reached XP level 3. HP: 17/20 MP: 6/6
  1162 | D:2      | Learned a level 3 spell: Stone Arrow
  1255 | D:2      | Noticed Sigmund
  1259 | D:2      | Killed Sigmund
  1259 | D:2      | Reached skill level 1 in Fighting
  1259 | D:2      | Reached skill level 1 in Maces & Flails
  1259 | D:2      | Reached skill level 5 in Earth Magic
  1259 | D:2      | Reached XP level 4. HP: 25/26 MP: 0/8
  1259 | D:2      | Reached XP level 5. HP: 29/30 MP: 0/9
  1343 | D:2      | Found a shadowy altar of Dithmenos.
  1787 | D:3      | Reached XP level 6. HP: 11/35 MP: 1/11
  2155 | D:3      | Noticed Ijyb
  2172 | D:3      | Killed Ijyb
  2610 | D:3      | Learned a level 4 spell: Petrify
  3446 | D:3      | Slain by an iguana

Skill      XL: |  1  2  3  4  5  6 |
---------------+-------------------+-----
Earth Magic    | 4 5 |  5.7
Fighting       | 1 2 |  2.3
Maces & Flails | 1 |  1.8
Dodging        | 2 |  2.6
Spellcasting   | 3 |  3.8
Stealth        | |  2.2
Transmutations | |  0.7

Action                   |  1- 3 |  4- 6 || total
-------------------------+-------+-------++-------
Melee: Unarmed           |     8 |       ||     8
       Mace              |    66 |    90 ||   156
       Club              |     9 |       ||     9
       Morningstar       |       |    10 ||    10
 Cast: Sandblast         |    11 |    54 ||    65
       Stone Arrow       |     1 |    10 ||    11
Evoke: Wand              |       |     1 ||     1
 Stab: Sleeping          |       |     2 ||     2
  Eat: Chunk             |     1 |     7 ||     8
       Ration            |       |     1 ||     1
Armor: Robe              |    49 |    69 ||   118
Dodge: Dodged            |    72 |   112 ||   184
